 Dungeon Crawl Stone Soup version 0.25.1-2-g60ff931df9 (webtiles) character file.

Game seed: 5764598051153021056

1741 Exodus22XD the Carver (level 9, 0/103 HPs)
             Began as a Human Berserker on Oct 17, 2020.
             Was a Priest of Trog.
             Slain by a centaur
             ... wielding a +0 whip
              (4 damage)
             ... on level 5 of the Dungeon.
             The game lasted 00:05:43 (5396 turns).

Exodus22XD the Carver (Human Berserker)             Turns: 5396, Time: 00:05:43

Health: 0/103      AC:  5    Str: 20    XL:     9   Next: 26%
Magic:  9/9        EV: 14    Int:  7    God:    Trog [***...]
Gold:   317        SH:  0    Dex: 14    Spells: 8/8 levels left

rFire    . . .     SeeInvis .   a - +0 falchion
rCold    + . .     Gourm    .   (no shield)
rNeg     . . .     Faith    .   k - +2 leather armour {rC+}
rPois    .         Spirit   .   (no helmet)
rElec    .         Reflect  .   (no cloak)
rCorr    .         Harm     .   (no gloves)
MR       .....                  (no boots)
Stlth    ..........             (no amulet)
HPRegen  0.27/turn              (no ring)
MPRegen  0.11/turn              (no ring)

@: berserking, very quick
A: no striking features
a: Berserk, Trog's Hand, Renounce Religion


You were on level 5 of the Dungeon.
You worshipped Trog.
Trog was most pleased with you.
You were not hungry.

You visited 1 branch of the dungeon, and saw 5 of its levels.

You collected 317 gold pieces.

Inventory:

Hand Weapons
 a - a +0 falchion (weapon)
 u - a +0 dagger of electrocution
Armour
 k - a +2 leather armour of cold resistance (worn)
Jewellery
 t - an uncursed ring of protection from cold
Wands
 m - a wand of flame (18)
Scrolls
 e - 4 scrolls of remove curse {unknown}
 f - a scroll of magic mapping {unknown}
 h - a scroll of immolation {unknown}
 j - 2 scrolls of noise {unknown}
 l - a scroll of fear {unknown}
 n - 2 scrolls of fog {unknown}
 o - 4 scrolls of teleportation {unknown}
 p - a scroll of enchant armour {unknown}
 s - 4 scrolls of amnesia {unknown}
Potions
 b - 3 potions of curing {unknown}
 d - a potion of magic {unknown}
 g - 2 potions of invisibility {unknown}
 i - 3 potions of degeneration {unknown}
 q - a potion of heal wounds {unknown}
 r - a potion of stabbing {unknown}
 w - a potion of might {unknown}
Comestibles
 c - 12 rations
 v - 5 chunks of flesh


   Skills:
 + Level 5.9 Fighting
 + Level 8.7 Long Blades
 + Level 4.3 Armour
 + Level 4.6 Dodging


You had 8 spell levels left.
You didn't know any spells.
Your spell library was empty.

Dungeon Overview and Level Annotations

Branches:
Dungeon (5/15)             Temple (0/1) D:4

Altars:
Gozag
Trog
Uskayaw
The Shining One


Message History

The centaur is heavily wounded.
The centaur hits you with a +0 whip.
* * * LOW HITPOINT WARNING * * *
You hit the centaur.
The centaur is heavily wounded.
The centaur closely misses you.
You closely miss the centaur.
The centaur is heavily wounded.
The centaur closely misses you. The centaur hits you with a +0 whip!
* * * LOW HITPOINT WARNING * * *
You hit the centaur but do no damage.
The centaur is heavily wounded.
The centaur hits you with a +0 whip.
* * * LOW HITPOINT WARNING * * *
A red film seems to cover your vision as you go berserk!
You feel yourself moving faster!
You feel mighty!
You feel quite a bit more hungry. The centaur hits you with a +0 whip!
* * * LOW HITPOINT WARNING * * *
The centaur hits you with a +0 whip.
You die...

#.............#........÷####
.....#...................##.
.......................[....
#.........)....###.#...#[.##
#..........%.....###...#..#.
#.....).((.............##...
....c.....(....####..#.###..
.........##c..## ####.###..
##.##...###@.## #.##... #.
#.... #...# ###.##... .
#.... ###.... ##...#....
...... ...#.#..<......
.#..... .##............
###.###)÷..... ### ##).....
#....... #.......


You could see a centaur.

Vanquished Creatures
  Pikel (D:4)
  The ghost of Cykl0x the Skirmisher, an amateur FoFi (D:4)
  Sigmund (D:4)
  An ice beast (D:5)
  A slave (D:4)
  3 ogres
  An orc priest (D:4)
  A hound (D:5)
  7 orc wizards
  A bullfrog skeleton (D:4)
  A centaur skeleton (D:4)
  A worker ant (D:4)
  A hound skeleton (D:5)
  6 adders
  8 gnolls
  An ooze (D:1)
  2 adder skeletons (D:4)
  2 worms
  2 leopard geckos
  19 orcs
  A giant cockroach (D:4)
  8 goblins
  6 hobgoblins
  3 kobolds
  3 quokkas (D:4)
  2 ball pythons
  8 bats
  4 frilled lizards
  A leopard gecko skeleton (D:4)
  9 rats
106 creatures vanquished.

Notes
Turn   | Place    | Note
-------+----------+-------------------------------------------
     0 | D:1      | Exodus22XD the Human Berserker began the quest for the Orb.
     0 | D:1      | Reached XP level 1. HP: 18/18 MP: 1/1
   120 | D:1      | Reached XP level 2. HP: 21/24 MP: 2/2
   379 | D:1      | Reached XP level 3. HP: 29/29 MP: 3/3
   988 | D:2      | Reached XP level 4. HP: 5/36 MP: 4/4
   988 | D:2      | HP: 2/54 [gnoll/+0 spear (3)]
  1267 | D:2      | Reached skill level 4 in Long Blades
  1663 | D:2      | Reached ** piety under Trog
  2071 | D:3      | Reached XP level 5. HP: 42/42 MP: 5/5
  2559 | D:3      | Found a glowing golden altar of the Shining One.
  2682 | D:3      | Found a bloodstained altar of Trog.
  2995 | D:4      | Found a staircase to the Ecumenical Temple.
  3052 | D:4      | Reached XP level 6. HP: 29/48 MP: 6/6
  3054 | D:4      | Noticed Sigmund
  3062 | D:4      | Killed Sigmund
  3062 | D:4      | Reached skill level 5 in Long Blades
  3062 | D:4      | Reached XP level 7. HP: 42/55 MP: 7/7
  3283 | D:4      | Reached *** piety under Trog
  3549 | D:4      | Reached skill level 6 in Long Blades
  3595 | D:4      | Found a runed translucent gate.
  3596 | D:4      | Found a runed translucent gate.
  3597 | D:4      | Found a runed translucent gate.
  3603 | D:4      | Found an opulent altar of Gozag.
  3607 | D:4      | Noticed Cykl0x's ghost (amateur FoFi)
  4124 | D:4      | Found a hide-covered altar of Uskayaw.
  4387 | D:4      | Noticed Pikel
  4400 | D:4      | Killed Pikel
  4400 | D:4      | Reached skill level 5 in Fighting
  4400 | D:4      | Reached skill level 7 in Long Blades
  4400 | D:4      | Reached XP level 8. HP: 63/63 MP: 8/8
  4579 | D:4      | Killed Cykl0x's ghost
  4579 | D:4      | Reached skill level 8 in Long Blades
  5063 | D:5      | Entered Level 5 of the Dungeon
  5080 | D:5      | Reached XP level 9. HP: 59/69 MP: 9/9
  5396 | D:5      | HP: 4/103 [centaur/+0 whip (10)]
  5396 | D:5      | Slain by a centaur

Illustrated notes

Levels and vault maps discovered:
D:1:      dpeg_arrival_ternary, layout_basic
D:2:      layout_loops_cross, serial_forest, infiniplex_forest_lined_3,
          infiniplex_forest_clump_C, infiniplex_forest_lined_3,
          infiniplex_forest_lined_corner, infiniplex_forest_straight_3,
          infiniplex_forest_clump_small
D:3:      layout_loops_cross, lemuel_doored_altar,
          nicolae_overflow_crystal_walls
D:4:      layout_loops_ring, old_standard_altar, minmay_temple_entry_overgrown,
          ebering_ghost_gozag, nrook_mini_vaults, uniq_pikel, uniq_sigmund
D:5:      layout_cave_pools, nicolae_overflow_hidden_temple,
          ebering_ghost_sewer_f, first_ration

Skill      XL: |  1  2  3  4  5  6  7  8 |
---------------+-------------------------+-----
Long Blades    | 4 5 7 8 |  8.7
Fighting       | 4 5 |  5.9
Dodging        | 3 4 |  4.6
Armour         | 3 4 |  4.3

Action                   |  1- 3 |  4- 6 |  7- 9 || total
-------------------------+-------+-------+-------++-------
Melee: Falchion          |    59 |   129 |   213 ||   401
Invok: Berserk           |     1 |     4 |     7 ||    12
 Stab: Sleeping          |       |     1 |       ||     1
  Eat: Chunk             |       |    10 |    15 ||    25
Armor: Animal skin       |     3 |       |       ||     3
       Leather armour    |     9 |    54 |    42 ||   105
Dodge: Dodged            |    39 |    80 |   122 ||   241
       Rpst.: Falchion   |    12 |    24 |    36 ||    72
